 Dungeon Crawl Stone Soup version 0.30.1-9-gdf580d7c3d (webtiles) character file.

Game seed: 10801346506955818500

10922 soylentgreeen202 the Cruncher (level 11, -6/82 HPs)
             Began as a Demigod Air Elementalist on July 7, 2023.
             Mangled by an orc warlord
             ... wielding a +0 dire flail
              (24 damage)
             ... on level 11 of the Dungeon on Oct 16, 2023.
             The game lasted 02:37:53 (22186 turns).

soylentgreeen202 the Cruncher (DgAE)               Turns: 22186, Time: 02:37:54

Health: -6/82      AC: 11    Str: 17    XL:     11   Next: 19%
Magic:  18/20      EV: 29    Int: 21    God:
Gold:   495        SH:  0    Dex: 20    Spells: 5/18 levels left

rFire   . . .        v - staff of conjuration
rCold   . . .        (no shield)
rNeg    + . .        J - +0 acid dragon scales
rPois   .            (no helmet)
rElec   .            F - +0 cloak
rCorr   +            D - +2 pair of gloves
SInv    .            (no boots)
Will    +....        E - amulet of the acrobat
Stlth   +++          z - ring "Laghuyrr" {rN+ Dex+6 Stlth+}
HPRegen 0.33/turn    o - ring of resist corrosion
MPRegen 0.17/turn

%: acrobat
@: acrobatic, studying Ranged Weapons
A: high MP 1, forlorn, divine attributes
a: no special abilities


You were on level 11 of the Dungeon.
You visited 2 branches of the dungeon, and saw 12 of its levels.
You also visited: Sewer.

You collected 682 gold pieces.
You spent 187 gold pieces at shops.

Inventory:

Hand Weapons
 f - a +0 dagger
 i - a +3 antimagic morningstar
 j - a +1 short sword
 p - a +0 short sword of electrocution
 u - a +0 short sword of speed
 H - a +4 whip
 U - the +8 trident of the Octopus King {venom, rElec rPois}
   (You found it on level 11 of the Dungeon)

   rElec:     It insulates you from electricity.
   rPois:     It protects you from poison.
Missiles
 d - 24 poisoned darts (quivered)
 G - a throwing net
Armour
 a - a +1 robe
 l - the +7 chain mail of a bailey {rF+ rC- rN+}
   (You found it on level 3 of the Dungeon)

   rF:        It protects you from fire.
   rC:        It makes you vulnerable to cold.
   rN:        It protects you from negative energy.
 y - a +0 leather armour
 D - a +2 pair of gloves (worn)
 F - a +0 cloak (worn)
 J - +0 acid dragon scales (worn)
 S - the +2 scale mail of Death's Door {SInv}
   (You took it off a wight on level 7 of the Dungeon)

   SInv:      It lets you see invisible.
Magical Staves
 q - a staff of fire
 v - a staff of conjuration (weapon)
Jewellery
 o - a ring of resist corrosion (right hand)
 z - the ring "Laghuyrr" (left hand) {rN+ Dex+6 Stlth+}
   (You found it on level 7 of the Dungeon)

   [ring of dexterity]

   Dex:       It affects your dexterity (+6).
   rN:        It protects you from negative energy.
   Stlth:     It makes you more stealthy.
 E - an amulet of the acrobat (around neck)
Wands
 M - a wand of roots (3)
 N - a wand of flame (7)
 P - a wand of polymorph (6)
Scrolls
 c - 3 scrolls of magic mapping
 e - 2 scrolls of vulnerability
 k - a scroll of immolation
 m - 3 scrolls of amnesia
 x - 3 scrolls of teleportation
 B - 5 scrolls of enchant weapon
 K - a scroll of noise
 L - a scroll of poison
 R - a scroll of brand weapon {unknown}
Potions
 b - 2 potions of magic
 g - a potion of lignification
 n - a potion of degeneration
 r - 6 potions of mutation
 s - 4 potions of flight
 t - a potion of berserk rage
 w - a potion of resistance
 A - a potion of haste {unknown}
 C - a potion of cancellation {unknown}
 I - 2 potions of attraction {unknown}
 O - a potion of brilliance
 T - a potion of curing
Miscellaneous
 h - a phantom mirror (inert)
 Q - a piece from Xom's chessboard (13/15)


   Skills:
 - Level 3.0 Fighting
 + Level 8.3 Staves
 - Level 5.0 Armour
 - Level 5.0 Dodging
 - Level 3.2 Stealth
 - Level 4.0 Spellcasting
 - Level 6.0 Conjurations
 - Level 5.0 Translocations
 - Level 6.0 Air Magic
 - Level 3.0 Earth Magic
 - Level 5.0 Evocations


You had 5 spell levels left.
You knew the following spells:

 Your Spells              Type           Power      Damage    Failure   Level
a - Shock                 Conj/Air       100%       1d9       1%          1
b - Swiftness             Air            29%        N/A       4%          3
c - Momentum Strike       Conj/Tloc      80%        3d10      2%          2
d - Static Discharge      Conj/Air       88%        2-6/arc   1%          2
e - Stone Arrow           Conj/Erth      68%        3d11      8%          3
f - Blink                 Tloc           50%        N/A       3%          2

Your spell library contained the following spells:

 Spells                   Type           Power      Damage    Failure   Level
 Lesser Beckoning         Tloc           50%        N/A       3%          2
 Sandblast                Erth           32%        2d9       4%          1
 Passwall                 Tmut/Erth      8%         N/A       13%         2
 Airstrike                Air            14%        2d(3-19)  13%         4
 Portal Projectile        Hex/Tloc       28%        N/A       17%         3
 Frozen Ramparts          Ice            8%         1d2       43%         3
 Tukima's Dance           Hex            4%         N/A       43%         3
 Ice Form                 Ice/Tmut       4%         N/A       83%         4
 Summon Ice Beast         Ice/Summ       4%         N/A       83%         4
 Blade Hands              Tmut           2%         N/A       99%         5


Dungeon Overview and Level Annotations

Branches:
Dungeon (11/15)            Temple (0/1) D:7             Orc (1/2) D:11
  Sewer (visited)
   Lair: D:8-11

Shops:
D:9 ?

Annotations:
D:4 1 exclusion
D:10 exclusion: downstairs


Innate Abilities, Weirdness & Mutations

You have an increased reservoir of magic. (+10% MP)
You shall have no god before yourself.
Your divine heritage dramatically boosts your attributes as you level up.


Message History

Aiming: Shock (safe; 1% risk of failure)
Press: ? - help, Shift-Dir - straight line
Okay, then.
Casting: Shock (safe; 1% risk of failure)
Confirm with . or Enter, or press ? or * to list all spells.
Aiming: Shock (safe; 1% risk of failure)
Press: ? - help, Shift-Dir - straight line You feel a surge of power!
The zap hits the orc warlord but does no damage.
The orc warlord is moderately wounded.
The zap hits the warg.
Flame seeps out of the warg.
The warg is severely wounded.
The zap hits the warg!
Flame seeps out of the warg.
The warg is almost dead.
The warg is engulfed in blazing flames.
The warg explodes!
The fiery explosion engulfs the orc warlord!
Flame seeps out of the orc warlord.
The orc warlord is heavily wounded.
Unknown command.
You hit the orc warlord but do no damage.
You blast the orc warlord.
Flame seeps out of the orc warlord.
The orc warlord is heavily wounded.
The orc warlord is engulfed in blazing flames.
Flame seeps out of the orc warlord.
The orc warlord hits you with a +0 dire flail!!
You hit the orc warlord but do no damage.
The orc warlord is heavily wounded.
The orc warlord is engulfed in blazing flames.
Flame seeps out of the orc warlord.
The orc warlord hits you with a +0 dire flail!!
* * * LOW HITPOINT WARNING * * *
The orc warlord is engulfed in blazing flames.
Flame seeps out of the orc warlord.
Casting: Shock (safe; 1% risk of failure)
Confirm with . or Enter, or press ? or * to list all spells.
Okay, then.
The orc warlord attacks as you move away!
The orc warlord hits you with a +0 dire flail!!
You die...

#.########.#.....##...####
#.# ###.#
#.#.............# #.#
....# ##.#.....##...##.#
#.# #####
#......#.###.###.####.#
###########..###...# #.#
#....... .............#
##### #.########.#
###########..#
#..........# ######
#..####################
..)..# #.....@o°§§§....[#
####.# ##.#######.#####.#
#.# #># #....##.# #.# #.#
##h#.##.# #.# #.#
#[...##.# # #.# #.#
#.>..##.# ##.#.### #.#
#...###.# .......# #.#
##### #.# ##.#.#.# #.# #.#


You could see an orc warlord (inner flame).

Vanquished Creatures
  A two-headed ogre (D:7)
  An ugly thing (D:7)
  An unseen horror (D:11)
  An unseen horror zombie (D:9)
  2 trolls
  Grinder (D:5)
  A vampire (D:9)
  2 wyverns
  Eustachio (D:5)
  14 yaks
  A shadow (D:10)
  A wraith (D:10)
  2 steam dragons (D:7)
  Menkaure (D:5)
  6 wargs
  Edmund (D:6)
  2 acid dragons
  2 water moccasins
  5 orc warriors
  An ice beast (D:8)
  4 ogres
  3 sky beasts (D:6)
  2 phantoms
  4 kobold brigands
  A gnoll sergeant (D:5)
  2 bullfrogs (D:7)
  3 scorpions
  7 wights
  13 killer bees
  A jelly (D:6)
  3 howler monkeys
  A centaur zombie (D:9)
  3 hounds
  7 orc priests
  A sleepcap (D:5)
  4 gnoll boudas
  An iguana (D:2)
  10 orc wizards
  8 adders
  23 gnolls
  A river rat (Sewer)
  A white imp (D:7)
  10 worms
  3 dart slugs
  46 orcs
  7 endoplasms
  5 giant cockroaches (D:5)
  6 goblins
  8 hobgoblins
  3 jackals (D:2)
  8 quokkas
  10 ball pythons
  4 bats
  3 frilled lizards
  24 kobolds
  11 rats
298 creatures vanquished.

Notes
Turn   | Place    | Note
-------+----------+-------------------------------------------
     0 | D:1      | soylentgreeen202 the Demigod Air Elementalist began the
                  | quest for the Orb.
     0 | D:1      | Reached XP level 1. HP: 14/14 MP: 5/5
    77 | D:1      | Reached skill level 1 in Conjurations
   475 | D:1      | Reached XP level 2. HP: 14/20 MP: 4/7
  1809 | D:2      | Reached XP level 3. HP: 22/26 MP: 1/8
  1809 | D:2      | Upgraded the game from 0.30.1 to 0.30.1-3-gfc49f6343a
  2921 | D:2      | Reached XP level 4. HP: 33/33 MP: 6/9
  2992 | D:3      | Learned a level 1 spell: Shock
  2996 | D:3      | Learned a level 3 spell: Swiftness
  3840 | D:3      | Reached skill level 5 in Air Magic
  3916 | D:3      | Identified the +7 chain mail of a bailey {rF+ rC- rN+}
  4265 | D:3      | Reached XP level 5. HP: 38/38 MP: 3/10
  5679 | D:4      | Upgraded the game from 0.30.1-3-gfc49f6343a to
                  | 0.30.1-4-g462c640d31
  6129 | D:4      | Noticed an ogre
  6206 | D:5      | Entered Level 5 of the Dungeon
  6395 | D:5      | Noticed Eustachio
  6472 | D:5      | Found a glowing drain.
  6496 | Sewer    | Entered a sewer
  6885 | Sewer    | Reached XP level 6. HP: 45/45 MP: 7/11
  8107 | D:5      | Upgraded the game from 0.30.1-4-g462c640d31 to
                  | 0.30.1-9-gdf580d7c3d
  8194 | D:5      | Reached skill level 1 in Fighting
  8194 | D:5      | Reached skill level 1 in Staves
  8194 | D:5      | Reached skill level 1 in Evocations
  8194 | D:5      | Reached XP level 7. HP: 52/52 MP: 8/13
  8408 | D:5      | Noticed Menkaure
  8408 | D:5      | Noticed Grinder
  8413 | D:5      | Killed Menkaure
  8414 | D:5      | Paralysed by Grinder for 3 turns
  8420 | D:5      | Killed Grinder
  8421 | D:5      | Reached skill level 2 in Staves
  9212 | D:5      | Killed Eustachio
  9213 | D:5      | Reached skill level 3 in Staves
  9213 | D:5      | Reached XP level 8. HP: 60/63 MP: 6/14
  9364 | D:6      | Learned a level 2 spell: Momentum Strike
  9735 | D:6      | Reached skill level 4 in Staves
 10103 | D:6      | Noticed Edmund
 10117 | D:6      | Killed Edmund
 10118 | D:6      | Reached skill level 5 in Staves
 10587 | D:6      | Reached skill level 1 in Armour
 12501 | D:7      | Found a staircase to the Ecumenical Temple.
 12599 | D:7      | Noticed a purple ugly thing
 13183 | D:7      | Reached XP level 9. HP: 69/69 MP: 9/15
 13295 | D:7      | Identified the ring "Laghuyrr" {rN+ Dex+6 Stlth+}
 13487 | D:8      | Reached skill level 5 in Armour
 14517 | D:8      | Reached skill level 1 in Translocations
 15100 | D:8      | Reached skill level 5 in Dodging
 15247 | D:8      | Reached skill level 6 in Staves
 15574 | D:8      | Reached XP level 10. HP: 48/77 MP: 2/16
 15801 | D:8      | Learned a level 2 spell: Static Discharge
 15805 | D:8      | Learned a level 3 spell: Stone Arrow
 16019 | D:9      | Learned a level 2 spell: Blink
 16328 | D:9      | Found Honat's Magic Scroll Shop.
 16347 | D:9      | Bought a scroll of noise for 15 gold pieces
 16347 | D:9      | Bought a scroll of poison for 60 gold pieces
 16347 | D:9      | Bought a scroll of blinking for 112 gold pieces
 16750 | D:9      | Reached skill level 5 in Conjurations
 16918 | D:9      | Reached skill level 1 in Earth Magic
 17279 | D:10     | Entered Level 10 of the Dungeon
 18266 | D:10     | Reached skill level 5 in Translocations
 18754 | D:11     | Noticed a death yak
 18960 | D:7      | Killed a purple ugly thing
 19413 | D:7      | Noticed a two-headed ogre
 19419 | D:7      | Killed a two-headed ogre
 19420 | D:7      | Reached skill level 7 in Staves
 19583 | D:7      | Identified the +2 scale mail of Death's Door {SInv}
 20153 | D:11     | Reached skill level 8 in Staves
 20153 | D:11     | Reached XP level 11. HP: 32/82 MP: 7/20
 20918 | D:11     | Found the +8 trident of the Octopus King {venom, rElec
                  | rPois}
 20927 | D:11     | Noticed a two-headed ogre
 20953 | D:11     | Found a staircase to the Orcish Mines.
 21302 | D:11     | Noticed a death yak
 21302 | D:11     | Noticed a death yak
 21302 | D:11     | Noticed a death yak
 21467 | Orc:1    | Entered Level 1 of the Orcish Mines
 21743 | Orc:1    | Reached skill level 5 in Evocations
 22156 | Orc:1    | Noticed an orc warlord
 22186 | D:11     | Mangled by an orc warlord

Illustrated notes

Levels and vault maps discovered:
D:1:      lightli_arrival_flooded_house, layout_basic
D:2:      layout_basic
D:3:      layout_basic, kennysheep_generic_room_11
D:4:      kennysheep_big_flooded_room, layout_loops_ring,
          mainiacjoe_overflow_concentric_impassable
D:5:      layout_loops_ring, gup_sewer_entry_pipe,
          chequers_serial_rivers_small_a, nrook_pool_corridor, lightli_minifort,
          uniq_menkaure, uniq_grinder, uniq_eustachio
D:6:      layout_gridville, mainiacjoe_overflow_alcove_4, nicolae_water_bricks,
          uniq_edmund
D:7:      layout_loops_cross, grunt_gozag_statues,
          chequers_temple_overflow_minitemple, minmay_temple_entry_wispy,
          minmay_manual_macuahuitl
D:8:      layout_loops_ring, okawaru_metal_pillars_3, minmay_microvault
D:9:      layout_basic, nicolae_overflow_hidden_temple,
          lemuel_zombie_altar_yredelemnul, serial_shops,
          nicolae_shop_tiny_waterfront
D:10:     layout_basic, bh_walls_and_bars
D:11:     layout_loops_ring, dpeg_lair_monsters, minmay_orc_entry_guard_dogs,
          nzn_wu_jian_council_hall, uniq_lodul
Orc:1:    layout_caves, serial_shops, nicolae_shop_industrial_runoff

Skill      XL: |  1  2  3  4  5  6  7  8  9 10 11 |
---------------+----------------------------------+-----
Conjurations   | 1 4 6 |  6.0
Stealth        | 2 3 |  3.2
Dodging        | 2 5 |  5.0
Spellcasting   | 2 4 |  4.0
Air Magic      | 3 4 5 6 |  6.0
Fighting       | 1 3 |  3.0
Staves         | 1 3 5 6 8 |  8.3
Evocations     | 1 3 4 5 |  5.0
Armour         | 4 5 |  5.0
Translocations | 4 5 |  5.0
Earth Magic    | 2 3 |  3.0

Action                     |  1- 3 |  4- 6 |  7- 9 | 10-12 || total
---------------------------+-------+-------+-------+-------++-------
  Melee: Short sword       |    15 |     1 |       |       ||    16
         Dagger            |     1 |       |       |       ||     1
         Staff             |       |     5 |   115 |   161 ||   281
         Punch             |       |       |     2 |     2 ||     4
  Throw: Dart              |     5 |       |    20 |     2 ||    27
   Cast: Shock             |   100 |   202 |   220 |   235 ||   757
         Momentum Strike   |       |       |     7 |     6 ||    13
         Swiftness         |       |       |     4 |       ||     4
         Static Discharge  |       |       |       |    26 ||    26
         Stone Arrow       |       |       |       |     5 ||     5
         Blink             |       |       |       |     1 ||     1
  Evoke: Wand              |       |       |    10 |       ||    10
         Piece from Xom's  |       |       |       |     3 ||     3
         Phantom mirror    |       |       |       |     2 ||     2
    Use: Scroll            |       |     9 |    13 |     7 ||    29
         Potion            |       |       |     6 |     1 ||     7
   Stab: Sleeping          |     2 |       |       |       ||     2
         Distracted        |       |       |       |     3 ||     3
 Armour: Robe              |     5 |    11 |     7 |       ||    23
         Leather armour    |       |       |    28 |     1 ||    29
         Skin              |       |       |    90 |     7 ||    97
         Acid dragon scale |       |       |       |    83 ||    83
         Chain mail        |       |       |       |    28 ||    28
         Scale mail        |       |       |       |     6 ||     6
  Dodge: Dodged            |    22 |    24 |   102 |   168 ||   316
